[Event "44th Chess Olympiad Open 2022"]
[Site "Chennai"]
[Date "2022.08.07"]
[Round "9.29"]
[White "Ragger, Markus"]
[Black "Gemy, Jose Daniel"]
[Result "1-0"]
[WhiteElo "2647"]
[BlackElo "2373"]
[Annotator "TA"]
[PlyCount "65"]
[EventDate "2022.??.??"]
[TimeControl "60"]

1. e4 e5 2. Nf3 Nc6 3. Bb5 Nf6 4. d3 Bc5 5. Bxc6 dxc6 6. O-O {[%emt 0:00:04] C65: Ruy Lopez: Berlin Defence (3.
..Nf6), unusual lines and 4 0-0 Bc5.} Nd7 7. c3 $1 {[%emt 0:
02:33] now scores much better than the old 7.Nbd2.} Bd6 8. d4
{[%emt 0:00:38] The position is equal.} f6 9. Nbd2 Qe7 10. Nc4 {[%emt 0:03:20] [#]} Nb6 $146 ({Predecessor:} 10... O-O 11. dxe5 Nxe5 12. Ncxe5 fxe5 13. Bg5 Qf7 14. Nd2
Be6 15. Qe2 a5 16. Be3 a4 {0-1 (46) Starley,R (2078) -Teh,E (2263) Birmingham
2020}) 11. dxe5 Nxc4 12. exd6 Qxd6 13. Nd4 Bd7 (13...
Qe7 $11 {keeps the balance.}) 14. b3 $16 Nb6 15. Qh5+ g6 16. Qa5 {[%emt 0:00:02] White is
more active.} O-O-O 17. Qxa7 (17. f4 $16 {
Black must now prevent Ba3.} Qe7 18. e5 (18. Qxa7 Qxe4 19. a4 c5 $11)) 17... c5
$14 18. Ba3 {[%emt 0:00:25] Hoping for Qa5.} Qe5 $1 19. Nf3 Qh5 20. Rae1 $36 {[%emt 0:22:
31][%cal Ya1e1,Ye1e3,Ye3g3] White has some pressure.} Bg4 21.
Re3 f5 {[%emt 0:05:22] [#]} (21... Rhe8 $14) 22. exf5 $1 $16 (22. Bxc5 $6 f4 23. Bxb6 cxb6 $11) 22... gxf5 $2 (22... Rhe8 $16 {keeps fighting.}) 23. Bxc5 $18 Rhg8 {
[%emt 0:01:10] aiming for ...Bxf3.} 24. Ne5 (24. Bxb6 $18 {
[%cal Ye3e7] White threatens Re7! and mate.} Bxf3 25. Qa8+ Kd7 26. Qa4+ Kc8 {
[#]} 27. g3 $1 cxb6 28. Qa8+ (28. Qc4+ $2 Bc6 $19) 28... Kc7 29. Re7+ Rd7 30.
Rxd7+ Kxd7 31. Qxg8) 24... Bh3 $2 (24... f4 $1 $14 25. Bxb6
cxb6 26. Nxg4 fxe3 27. Nxe3 Qa5 28. Qxa5 bxa5) 25. Rg3 Rxg3 26. hxg3 {[%emt 0:00:00] The board is on fire.} Rd1 $2 (26... f4 27. Bxb6 (27. gxh3 Qxe5 28. Bxb6 cxb6 $18) (27. gxf4
{is a self mate.} Bxg2) 27... cxb6) 27. f3 {[%emt 0:00:00] White is clearly
winning.} Bxg2 28. Kxg2 Rxf1 29. Kxf1 Qh3+ 30. Ke2 Qxg3 31. Nd3 Qg2+ 32. Bf2 {[%emt 0:00:00] Threatens to win with Nc5.} h5 33. Nc5 {[%emt 0:00:00] Weighted Error Value: White=0.17 (very
precise) /Black=0.60} 1-0

[Event "44th Chess Olympiad Open 2022"]
[Site "Chennai"]
[Date "2022.08.07"]
[Round "9.29"]
[White "Shengelia, David"]
[Black "Mendoza, Rodrigo"]
[Result "1-0"]
[WhiteElo "2462"]
[BlackElo "2215"]
[Annotator "TA"]
[PlyCount "39"]
[EventDate "2022.??.??"]
[TimeControl "60"]

1. d4 Nf6 2. Nf3 e6 3. c4 Bb4+ 4. Nbd2 d5 5. Qa4+ Nc6 6. a3 Be7 7. e3 O-O 8. Bd3 dxc4 {[%emt 0:25:44] E11:
Bogo-Indian.} (8... a5 $11) 9. Nxc4 $16 a6 {[%emt 0:06:32] [#]
...b5 is the strong threat.} 10. Qc2 $1 h6 {[%emt 0:00:05]
White is better.} 11. Bd2 {[%emt 0:07:32][%cal Yc1d2,Yd2c3,Yc3b2] [#]} Re8 $146 ({Predecessor:} 11... Ra7 12. O-O b5 13. Nce5 Nxe5 14. Nxe5
Bb7 15. Nc6 Bxc6 16. Qxc6 e5 17. Rfd1 exd4 18. exd4 {1-0 (60) Lei,T (2504)
-Xiao,Y (2222) Xinghua 2016}) 12. O-O Rb8 13.
Rfd1 {[%emt 0:02:49] White is more active.} b6 14. e4 Bb7 15. Bc3 Bf8 16. Rac1 Na7 17. b4 Qc8 18. Bb2 c5 $2 {[%emt 0:00:03] [#]} (18... Qd7
$16 19. h3 Qe7) 19. Nxb6 $18 Qc6 20. dxc5 {[%emt 0:00:00]
Weighted Error Value: White=0.04 (flawless) /Black=0.37} 1-0

[Event "44th Chess Olympiad Open 2022"]
[Site "Chennai"]
[Date "2022.08.07"]
[Round "9.29"]
[White "Bolanos, Fernando"]
[Black "Horvath, Dominik"]
[Result "0-1"]
[WhiteElo "2258"]
[BlackElo "2488"]
[Annotator "TA"]
[PlyCount "80"]
[EventDate "2022.??.??"]
[TimeControl "60"]

1. e4 c5 2. Nf3 e6 3. c4 Nc6 4. Nc3 Nf6 5. d4 cxd4 6. Nxd4 Bc5 {[%emt 0:00:06] B44: Sicilian: Taimanov: 5 Nb5.} 7. Nb3 Bb4 8. Bd3 O-O {[%emt 0:00:
00] The position is equal.} 9. O-O Ne5 10. Be2 (10. f4 {is interesting.}
Qb6+ 11. Kh1 Nxd3 12. Qxd3 d5 13. cxd5 exd5 14. e5) 10... Ng6 {[%emt 0:00:06] 
[#]} 11. Qd3 $146 ({Predecessor:} 11. Qd4 d6 12. Rd1 e5 13.
Qd3 Be6 14. Nd5 Bxd5 15. cxd5 Ba5 16. Nxa5 Qxa5 17. f3 {½-½ (28) Sinnhoefer,
J (1825)-Gentemann,M (2181) Germany 2018}) 11... b6 12. f4 d6 {[%emt 0:06:39] Against e5} 13. Bf3 {[%emt 0:00:43][%cal
Ye4e5] Threatens to win with e5!} Nh4 14. Be3 Nxf3+ (14... Bxc3 $5 15. Qxc3 Bb7 $11) 15. gxf3 Bxc3 16. Qxc3 Ba6 17.
Rfd1 Rc8 18. Qd2 {[%emt 0:02:13]
Inhibits d5.} Nh5 19. Kh1 (19. Qxd6 $11 Bxc4
20. Qxd8 Rfxd8 21. Nd4) 19... Bxc4 {[%emt 0:00:26] aiming for ...f5. Black
converts the advantage convincingly.} 20. Rg1 e5 {[%emt 0:17:
37] Against Nd4} 21. Rg5 {[%emt 0:07:07] Hoping for Rag1.} exf4 22. Rxh5 fxe3 23. Qxe3 Bxb3 24. Qxb3 Rc5 25. Rxc5 dxc5 $17 {[%emt 0:00:05] Endgame KQR-KQR} ({And not} 25... bxc5
26. Rd1 $17) 26. Rd1 {[%emt 0:00:05] Inhibits Qd2.} Qf6 27.
Qc3 {[%emt 0:00:02] [#]} (27. Rd5 $17 {was necessary.}) 27... Rd8 $1 $19 28. Rxd8+ Qxd8 {[%emt 0:00:04] KQ-KQ} 29. Kg2 h5 30. Qe5 {[%emt 0:00:21] [#]} g6 $1 31. Kg3 Kh7 32. b3 Qd7 33. Kf4 $2 (33. h4) 33... Qd2+ 34. Kg3 Qxa2 35. Qd5 Kg8 36. e5 Qb2 37. Qd8+ $2 (37. e6 {was the only defense.} Qf6 38. exf7+
Qxf7 39. Qd6) 37... Kh7 38. Qd5 Kg7 39. h4 $2 (39. e6 h4+ 40. Kh3) 39... Qd4 40. Qd6 Qxd6 {[%emt 0:00:11] Weighted Error Value:
White=0.78/Black=0.12 (very precise)} 0-1

[Event "44th Chess Olympiad Open 2022"]
[Site "Chennai"]
[Date "2022.08.07"]
[Round "9.29"]
[White "Pinto, Daniel"]
[Black "Blohberger, Felix"]
[Result "0-1"]
[WhiteElo "2249"]
[BlackElo "2492"]
[Annotator "TA"]
[PlyCount "72"]
[EventDate "2022.??.??"]
[TimeControl "60"]

1. c4 c6 2. Nf3 d5 3. e3 Nf6 4. b3 Bf5 5. Nh4 Bg4 6. Qc2 {[%emt 0:00:30] [#] A12: English Opening: 1...
c6 with b3 by White.} e6 $146 ({Predecessor:} 6... e5 7. h3
Be6 8. Nf3 Nbd7 9. Ng5 Be7 10. Bb2 O-O 11. Be2 h6 12. Nxe6 fxe6 {1-0 (50)
Strutinskaya,G (2317)-Martynyuk,E (2083) Sochi 2014}) 7. h3 Bh5 8. g4 {[%emt 0:02:33] [#]} (8. Bb2 $11 {keeps the balance.
}) 8... Ne4 $1 $17 9. d3 (9. gxh5 Qf6) 9...
Bb4+ (9... Qxh4 10. dxe4 Bg6 11. cxd5 $15) 10. Nd2 {[%emt 0:
04:27] [#]} (10. Bd2 $17 Nxd2 11. Nxd2) 10... Nxf2 $1 $19 ({
Worse is} 10... Qxh4 11. dxe4 Bg6 12. cxd5 $15) 11. Kxf2 Qxh4+ 12. Kg2 {[%emt 0:00:19] [#] Threatens to win with Nf3.} Bd6 $1 13. Be2 Bg6 ({Stronger than} 13... Be5 14. Bb2 Qg3+ 15. Kf1 $17) 14. Nf3 Qg3+ 15. Kf1 Na6 16.
Bd2 Nb4 17. Bxb4 Bxb4 18. Rg1 Qc7 19. h4 h5 20. Qb2 hxg4 21.
Rxg4 Bh5 {[%emt 0:00:00] This bishop pair is nice.} 22. Qxg7 O-O-O {[%emt 0:00:07][%cal Yb4c3] Strongly threatening ...Bc3!}
23. cxd5 $2 {[%emt 0:00:14] [#]} (23. Rg1) 23... Bc3 $1 {[%emt 0:01:32] The
board is on fire.} 24. Qxc3 {[%emt 0:00:07] And now Rf4 would win.} Bxg4 25. dxc6 $2 (25. Qe5 exd5 26. Qxc7+ Kxc7 27.
Kf2) 25... Qxc6 $2 (25... Qg3 26. cxb7+ Kxb7
27. Qb4+ Ka8 28. Qe4+ Rd5) 26. Qxc6+ bxc6 27.
Rc1 Bxf3 28. Bxf3 Rxh4 ({Weaker is} 28... Rxd3 29. Rxc6+ Kd7 30. Ke2) 29. Rxc6+ {
[%emt 0:01:42] Endgame KRR-KRB} Kb8 30. d4 Rh3 31. Kg2 Rdh8 {[%emt 0:00:07] Hoping for .
..Rh2+.} 32. Rc5 $2 (32. Rc3) 32... Rh2+ 33.
Kg1 Rxa2 {[%emt 0:00:00] Black is clearly winning.} 34. Rb5+ Kc8 35. Rc5+ Kd7 36. Rb5 (36. d5 $142) 36... Rc8 {[%emt 0:02:38] White
got outplayed after the opening. Weighted Error Value: White=0.63/Black=0.24 
(precise)} 0-1

[Event "44th Chess Olympiad Open 2022"]
[Site "Chennai"]
[Date "2022.08.07"]
[Round "9.30"]
[White "Amin, Bassem"]
[Black "Saraci, Nderim"]
[Result "1/2-1/2"]
[WhiteElo "2680"]
[BlackElo "2495"]
[Annotator "TA"]
[PlyCount "140"]
[EventDate "2022.??.??"]
[TimeControl "60"]

1. Nf3 Nf6 2. g3 b6 3. Bg2 Bb7 4. O-O e6 5. d3 c5 6. e4 d5 7. e5 {[%emt 0:00:25] A05: Réti Opening:
1 Nf3 Nf6.} Nfd7 8. Re1 Nc6 9. h4 Be7 10. c4 d4 $1 {
[%emt 0:20:13] [#]} 11. a3 $146 ({Predecessor:} 11. Bf4 h6 12.
h5 g5 13. hxg6 fxg6 14. b4 g5 15. Bd2 Qc7 16. Na3 cxb4 17. Nb5 {1-0 (56) Amin,
B (2680)-Saeed,I (2409) Dubai 2021}) 11... a6 12. Nbd2 Qc7 (12... Ra7 $1 $15) 13. Ne4 $11 Ncxe5 14. Nxe5 Nxe5 15. Bf4 {[%emt 0:00:08] Strongly threatening Qh5.} f6 16. Qh5+ g6 {[%emt 0:03:18] [#]} 17. Nxf6+ Bxf6 18. Bxe5 Bxe5 19. Qxe5 Qxe5 20. Rxe5 Bxg2 21. Kxg2 $16 {[%emt 0:00:29] Endgame KRR-KRR} Kd7 22. h5 {[%emt 0:01:40] White is more active.} Raf8 (22...
a5 $14) 23. Rae1 Rf6 24. f4 (24. b4 $16) 24... Rg8 $14 25. b4 gxh5 26. Rxh5 (26. Kf3 $1 $14) 26... Rxf4 $1 $11 27. Rxh7+ ({Don't do} 27. bxc5 bxc5 28. Rxh7+
Kd6 $14) 27... Kd6 28. bxc5+ bxc5 29. Rb1 Rfg4 30. Rb6+ Ke5 31. Rh3 R4g5 32. Rxa6 R8g6 (32... Kf6 $11) 33. Rb6 ({White should try} 33. a4 $1 $14) 33... Kf6 $1 {[%emt 0:00:00] The position
is equal.} 34. Rb2 Re5 35. Rh1 Re3 36. Rf1+ Ke7 (36... Ke5 $5 37. Rf3 Rf6 38. Rxf6 Kxf6 $11) 37. Rf3 {[%emt 0:00:01] 
[#] Black must now prevent Rxe3.} Re1 38. Ra2 Rh6 39. a4 {[%emt 0:24:33] Black should prevent Rf1.} Reh1 40. Rff2 R6h2+ 41. Kf3 Rxf2+ 42. Rxf2 {[%emt 0:00:
00] KR-KR} Rd1 43. Ke4 Re1+ 44. Kf4 Ra1 {[%emt 0:08:16] Prevents Ra2.} 45. Rh2 Rf1+ 46. Kg4 {[%emt 0:00:00] Ra2 is the strong threat.
} Ra1 {[%emt 0:02:07] Prevents Ra2.} 47. Kg5 Rxa4 48. g4 Ra1 49. Rh7+ Kd6 50. Rh3 Re1 {[%emt 0:00:00] And now ...Re3
would win.} 51. Rf3 e5 52. Rf6+ Ke7 53. Rc6 e4 54. dxe4 d3 55. Rc7+ $1 Ke6 56. Rc6+ Ke7 57. Rc7+ $1 Kd6 58. Rc8 Ke5 {[%emt 0:01:10] aiming
for ...d2.} 59. Rxc5+ Kxe4 60. Rd5 Rc1 61. Kf6 Rxc4 62.
Re5+ Kf4 63. Rd5 Rc6+ 64. Kf7 Ke4 65. Rxd3 $1 Kxd3 {[%emt 0:00:07] KR-KP} 66. g5 Ke4 67. g6 Kf5 {[%emt 0:00:00] ( -> ...Rc7+)} 68.
g7 Rc7+ 69. Kg8 Kg6 70. Kh8 Rxg7 {[%emt 0:00:00] Weighted Error
Value: White=0.08 (flawless) /Black=0.08 (flawless)} 1/2-1/2

[Event "44th Chess Olympiad Open 2022"]
[Site "Chennai"]
[Date "2022.08.07"]
[Round "9.30"]
[White "Fawzy, Adham"]
[Black "Makolli, Perparim"]
[Result "1-0"]
[WhiteElo "2471"]
[BlackElo "2247"]
[Annotator "TA"]
[PlyCount "65"]
[EventDate "2022.??.??"]
[TimeControl "60"]

1. e4 c5 2. Nf3 e6 3. d4 cxd4 4. Nxd4 a6 5. Bd3 Nf6 6. O-O Qc7 7. Be3 d5 8. Nc3 {[%emt 0:00:
00] White wants to play exd5. B42: Sicilian: Kan Variation: 5 Bd3.} dxe4 9. Nxe4 Nbd7 10. c4 {[%emt 0:
00:00] [#] The position is equal.} Nxe4 $146 ({Predecessor:} 
10... Ne5 11. Bf4 Nxe4 12. Bxe4 Bd6 13. Bg3 f5 14. Rc1 O-O 15. c5 fxe4 16. cxd6
Qxd6 17. Qh5 Qxd4 18. Bxe5 Qa4 19. Rc7 Bd7 20. b3 Qb5 21. a4 {1-0 (21)
Kuijpers,F (2390)-Van der Weide,K Netherlands 1992}) 11. Bxe4 {[%emt 0:00:03]
[%cal Yd4e6] Strongly threatening Nxe6!} Nf6 12. Bf3 Be7 13. c5 e5 (13...
O-O $11) 14. Qa4+ $16 Bd7 15. c6 bxc6 (15... O-O $16) 16. Nf5 $1 $18 ({And not} 16. Nxc6 e4 17. Rac1 Rc8 18. Nxe7 Bxa4 $15)
16... c5 (16... Bf8 {might work better.}) 17. Nxg7+ Kf8 {[%emt 0:04:33] [#]} 18. Bh6 $1 Bxa4 19. Ne6+ $1 {[%emt 0:01:35] Discovered Attack (Double check), Double
Attack} Kg8 20. Nxc7 Ra7 21.
Rfe1 {[%emt 0:05:47][%cal Ye1e5,Yf1e1,Ye1e4,Ye4g4] White is much more active.
The black rooks are badly placed.} e4 {[%emt 0:00:00] [#]} (21... Rxc7 $2 22.
Rxe5 Bc2 23. Rae1) (21... Bf8 $16 {keeps fighting.}) 22. Nd5 $1 Nxd5 23. Rxe4 {[%emt 0:00:02] Rg4+ would kill now.} Bc2 24. Rg4+ $40 {[%emt 0:00:27] Discovered Attack. White goes for
the king.} Bg6 25. Bxd5 Bf8 26. Be3 Bg7 27. h4 {[%emt 0:00:27][%cal
Yh2h4,Yh4h5] Hoping for Rc1.} ({Don't play} 27. Bxc5 Rd7 $18) 27... Rd7 28. Bb3 {[%emt 0:04:10] Threatens to win with Re1.} Bxb2 $2 (28... Rd6 {was worth a try.} 29. Bxc5 Rc6) 29. Re1 Bc3 30. Rc1 {[%emt 0:00:28] White is clearly winning.}
Bb2 31. Rxc5 {[%emt 0:01:04] Bh6 is the strong threat.} Kf8 32. h5 Bb1 33. Rc8+ {[%emt 0:
00:00] Weighted Error Value: White=0.07 (flawless) /Black=0.39} 1-0

[Event "44th Chess Olympiad Open 2022"]
[Site "Chennai"]
[Date "2022.08.07"]
[Round "9.30"]
[White "Saraci, Korab"]
[Black "Adly, Ahmed"]
[Result "0-1"]
[WhiteElo "2287"]
[BlackElo "2582"]
[Annotator "TA"]
[PlyCount "99"]
[EventDate "2022.??.??"]
[TimeControl "60"]

1. e4 c6 2. d4 d6 3. Nf3 Nf6 4. Nc3 Bg4 5. Be2 Nbd7 6. h3 Bxf3 7. Bxf3 e5 8. O-O Be7 9. Be3 O-O 10. Qd2 {[%emt 0:03:23] B07: Pirc
Defence: Miscellaneous Systems.} Re8 11. Rad1 Bf8 {[%emt 0:01:08] [#]} 12. d5 $146 {[%emt 0:05:06] White is slightly better.}
({Predecessor:} 12. g4 Nb6 13. b3 Qc7 14. Bg2 Rad8 15. f4 Nfd7 16. Qf2 exd4 17.
Bxd4 c5 18. Nb5 {½-½ (40) Wagner Michel,A (2121)-Schmidt,J (2168) Germany
1999}) 12... h6 13. b4 Qc7 14. a4 (14. dxc6 {keeps more tension.} Qxc6 15. Rb1 Nb6 16.
Bxb6 Rec8 17. Bd4) 14... Rec8 15. a5 cxd5 16. Nxd5 Nxd5 17. Qxd5 Nf6 18. Qb5 a6 19. Qb6 Qxb6 20. Bxb6 Rxc2 21. Rc1 Rac8 22. Rxc2 Rxc2 23. Rb1 d5 24. exd5 e4 25. Bd1 Rc4 26. b5 axb5 27. Bb3 Rc8 (27... Nxd5 $2 28. Bxc4 bxc4 29. Rb5 $18)
28. Be3 Bd6 29. Kf1 b4 {
[%emt 0:03:22] Black is more active.} 30. Bd2 Ra8 31. Bc4 Rxa5 32. Bxb4 Ra4 33. Bxd6 Rxc4 $15
{[%emt 0:00:00] Endgame KRB-KRN} 34. Rd1 Nd7 35. Ke2 f5 36. g4 fxg4 37.
hxg4 Kf7 (37... g5 $15 {might be stronger.})
38. Bf4 (38. Rb1 $11 {keeps the balance.}) 38... Rc2+ $17 39. Ke3 g5 40. Bg3 Nf6 41. Rb1 {[%emt 0:00:47] [#]} ({White should try} 
41. d6 $15 Rc3+ 42. Ke2) 41... b6 $1 ({Worse is} 41... Nxg4+
42. Kxe4 Kg6 43. d6 $15) 42. d6 Ke6 43. Kd4 (43. Rb5 $17) 43... Rc6 ({Inferior is} 43...
Nxg4 44. Rxb6 Rd2+ 45. Kxe4 $15) (43... Rd2+ $19 44. Ke3 Rd3+ 45. Ke2 Rd5) 44.
Rh1 Nxg4 45. Kxe4 h5 {
[%emt 0:00:00] Threatens to win with ...h4.} 46. Re1 $1 Kd7 47. f3 Nh6 48. Ra1 {[%emt 0:
00:31] [#]} (48. Bh2 $15) 48... Ke6 $1 49. Rd1 (49. Bf2 $17 {was worth a try.}) 49... Nf5 $19 {[%emt 0:00:00] And now ...
Rc4+ would win.} 50. Bh2 $2 {[%emt 0:02:03] Weighted Error Value: White=0.19 
(very precise) /Black=0.11 (very precise)} (50. Bf2) 0-1

[Event "44th Chess Olympiad Open 2022"]
[Site "Chennai"]
[Date "2022.08.07"]
[Round "9.30"]
[White "Asllani, Muhamet"]
[Black "Hesham, Abdelrahman"]
[Result "1-0"]
[WhiteElo "2235"]
[BlackElo "2386"]
[Annotator "TA"]
[PlyCount "95"]
[EventDate "2022.??.??"]
[TimeControl "60"]

1. Nf3 d5 2. d4 Nf6 3. Bg5 Nbd7 4.
e3 e6 5. Nbd2 Be7 6. c4 O-O 7. Bd3 {[%emt 0:00:06] D30:
Queen's Gambit Declined: Systems without Nc3.} c5 8. cxd5 exd5 9. O-O {[%emt 0:00:36] The position is
equal.} b6 {[%emt 0:00:38] [#]} 10. Qa4 $146 ({Predecessor:} 
10. Rc1 h6 11. Bh4 Bb7 12. Qc2 Rc8 13. Qb1 Re8 14. Bf5 Rc6 15. Rc3 Qc7 16. Rfc1
{1-0 (67) Illingworth,J (1639)-Watkins,S (1271) London 2018}) 10... a6 11. Ne5 Nxe5 12. dxe5 Ng4 13. Bf4 c4 14. Be2 (14. Bb1 $5 ) 14... f6 15. Qc6 Ra7 16. Nf3 fxe5 17. Nxe5 Nxe5 18. Bxe5 {[%emt 0:00:10] White
wants to play Rfd1.} Bf6 $1 19. Bc3 Rd7 20. Rad1 Rd6 21.
Qa4 b5 22. Qa3 d4 ({Black should try} 22... Bxc3 $1 $11 23. Qxc3 Rg6) 23. exd4 $14 {
[%emt 0:00:00] Ba5 is the strong threat.} (23. Bb4 d3 24. Bxd3 (24. Bxd6 $2
dxe2 25. Rd2 exf1=N $19) 24... Rxd3 $11) 23... Bxd4 ({Black
should play} 23... Rd7 $14) 24. Bb4 $1 $16 Bxf2+ $2 {[%emt 0:
00:31] A mistake that costs the game.} 25. Kh1 $18 Rxd1 26. Rxd1 Qe8 {[%emt 0:00:08][%cal Ye8e2] [#]}
27. Bxc4+ bxc4 28. Bxf8 Bg4 29. Rc1 {[%emt 0:03:48] Threatens to win with Bc5.} ({Resist} 
29. Rf1 $6 Qe2 30. Rc1 h6 $18) 29... Bd4 (29... Qxf8 30. Qxf8+
(30. Qxa6 Qf4 $16) 30... Kxf8) 30. Bc5 Bf6 31. Qxa6 Be2 32. Re1 Qd7 33. Qa8+ Kf7 34. Qf8+ Kg6 35. Qd6 Qf5 36. Bd4 Bd3 37. Bxf6 gxf6 {[%emt 0:00:00] Endgame KQR-KQB}
38. a3 Qb5 39. Re3 Qxb2 {
[%emt 0:00:59] ( -> ...Qb1+)} 40. Rg3+ Kh5 41. Qd5+ Qe5 (41... Kh6 $142
42. h3 Qa1+ 43. Kh2 Qe5 44. Qxe5 fxe5) 42. Qxe5+ fxe5 {
[%emt 0:07:59] KR-KB} 43. Kg1 {[%emt 0:00:00][%cal Yg3d3] Black must now
prevent Rxd3!} e4 44. Kf2 {[%emt 0:00:00][%cal Yg3d3] aiming
for Rxd3!} c3 45. Ke1 {[%emt 0:00:00] Strongly threatening a4.
} Kh6 46. a4 {[%emt 0:00:00][%cal Yg3d3] Intending Rxd3! and
mate.} Kh5 {[%emt 0:00:23] [#]} 47. a5 (47. Rxd3 $142 $1 exd3
48. a5 Kh6 49. a6 Kg6 50. a7 Kg7 51. a8=Q h5 52. Qb7+ Kg8 53. Qc8+ Kg7 54.
Qxc3+ Kf7 55. Qe5) 47... Kh6 {[%emt 0:00:24] [#]} 48. Rxd3 $1 {[%emt 0:00:00]
Weighted Error Value: White=0.10 (very precise) /Black=0.42} 1-0

[Event "44th Chess Olympiad Open 2022"]
[Site "Chennai"]
[Date "2022.08.07"]
[Round "9.31"]
[White "Docx, Stefan"]
[Black "Guzman, Christopher"]
[Result "1-0"]
[WhiteElo "2434"]
[BlackElo "2243"]
[Annotator "TA"]
[PlyCount "47"]
[EventDate "2022.??.??"]
[TimeControl "60"]

1. d4 Nf6 2. c4 e6 3. g3 d5 4. Bg2 dxc4 5. Nf3 c5 6. O-O Nc6 7. Na3 cxd4 8. Nxc4 Be7 9. b3 {[%emt 0:02:41] E04: Open Catalan: 5 Nf3.}
O-O 10. Bb2 Nd5 11. Nxd4 {[%emt 0:01:54] White is slightly better.} Nxd4 12.
Qxd4 Bf6 13. Qd2 {
[%emt 0:00:15] White is more active.} Bxb2 14. Qxb2 b5 {[%emt 0:01:15] [#]} 15. Rfd1 $1 bxc4 16. bxc4 Qb6 {[%emt 0:08:
34] [#]} 17. Qa3 {[%emt 0:00:17] [#]} Qa6 $146 ({Predecessor:
} 17... Nc7 18. Rab1 Qa6 19. Qe7 Nd5 20. cxd5 Qxe2 21. dxe6 Qxe6 22. Qc7 {
1-0 (22) Adamski,J (2410)-Barskij,V (2320) Warsaw 1993}) 18. Qxa6 Bxa6 19. cxd5 Bxe2 {[%emt 0:00:00] [#]}
(19... exd5 $16 20. e3 (20. Bxd5 Bxe2 21. Re1 Rae8 $16) (20. Rxd5 Rad8 $16)
20... Rfd8) 20. Re1 $1 $18 Bc4 21. dxe6 Rac8 $2 (21... Bxe6 22. Bxa8 Rxa8) 22. e7 {
[%emt 0:00:11] White is clearly winning.} Rfe8 23. Bh3 {
[%emt 0:01:40] Prevents Be6.} Be6 24. Rxe6 {[%emt 0:00:09]
White took control after the opening. Weighted Error Value: White=0.00 
(flawless) /Black=0.33} 1-0

[Event "44th Chess Olympiad Open 2022"]
[Site "Chennai"]
[Date "2022.08.07"]
[Round "9.31"]
[White "Munoz Santana, Jose Lisandro"]
[Black "Dardha, Daniel"]
[Result "0-1"]
[WhiteElo "2423"]
[BlackElo "2575"]
[Annotator "TA"]
[PlyCount "82"]
[EventDate "2022.??.??"]
[TimeControl "60"]

1. e4 c5 2. Nf3 d6 3. d4 Nf6 4. Nc3 cxd4 5. Nxd4 Nc6 6. Bg5 a6 7. Qd2 e6 8. O-O-O Bd7 9. f3 Nxd4 10. Qxd4 Be7 {[%emt 0:00:05] B67: Sicilian:
Richter-Rauzer: 7...a6 8 0-0-0 Bd7, lines without 9 f4 Be7.} 11. Kb1 Qc7 12. g4 b5 {
[%emt 0:01:03] White has an edge.} 13. Be3 {[%emt 0:07:55] [#]} b4 $146 (13... O-O $14) ({Predecessor:} 13... O-O 14. g5 Nh5 15. Qd2
Rfd8 16. Bh3 g6 17. Bg4 Ng7 18. h4 b4 19. Ne2 d5 {1-0 (28) Smirin,I (2614)
-Rechlis,G (2513) Jerusalem 2021}) 14. Ne2 (14. Qxb4 $16 {
next Qb6 is good for White.} h6 15. Qb6 Qxb6 16. Bxb6) 14... O-O $11 15. g5 Rfc8 $1 16. Qd2 Ne8 17. Nd4 d5 18. e5 (18. exd5 {keeps more tension.} e5 19. Nc6 Bxc6 20. dxc6 Qxc6
21. Bh3) 18... Bc5 (18... Qxe5 $2 19. Bf4 Bxg5 20. Bxg5 $18 (
20. Bxe5 Bxd2 21. Rxd2 f6 $18)) 19. f4 Qb6 20. Rg1 Nc7 (20... g6 $11) 21. Rg3 $1 $14 Bb5 22. Nb3 (22. Bh3 $14)
22... Bxe3 $11 23. Rxe3 Bc4 24. Rh3 Nb5 25. Bd3 g6 ({Black should play} 25... Bxd3 $1 $17 26. Qxd3 g6) 26. Qe1 Bxd3 27. cxd3 Qd8 28. Rh6 (28. Qxb4 $11 Rab8 29. Qd2) 28... Qc7 $15 29. Rc1 {[%emt 0:00:00] Inhibits Qc2+.} Qb6 30. Rd1 Kg7 {[%emt 0:13:51] Strongly threatening ...a5.} 31.
d4 Rc4 32. Rd3 {[%emt 0:02:36] aiming for
Qh4.} Rh8 (32... Nxd4 $2 33. Nxd4 Rac8 34. Ne2 $18) 33. Qh4 $1
{[%emt 0:00:00] Threatens to win with Rh3.} Nc3+ $1 34. bxc3 bxc3 35. Rh3 $2 (35. Kc2 $11
{and White has nothing to worry.} Ra4 36. Kd1 (36. Rxc3 Rxa2+ 37. Kb1 Ra3 $11)
36... Rxa2 37. Rxc3 (37. Nc1 $2 Rg2 $19)) 35... c2+ $19 36.
Kc1 {[%emt 0:00:00][%cal Rh6h7] [#]} Qb4 $1 37. Rxh7+ {
[%emt 0:00:00] [#]} Kf8 $1 {[%emt 0:00:18] Chess con chili.} 38. Rxh8+ Ke7 {[%emt 0:00:00] ( -> ...Qa3+)} 39. Rc3 $2 (39. Qf2 Qa3+ 40. Kd2 c1=Q+ 41. Nxc1 Qxc1+ 42. Kd3) 39... Rxc3 {[%emt 0:01:10]
Black is clearly winning.} 40. Qe1 Qa3+ ({
And not} 40... Rxb3 41. Qxb4+ Rxb4 42. Ra8 $11) 41. Kd2 c1=Q+
{[%emt 0:00:12] Back Rank. Weighted Error Value: White=0.59/Black=0.12 (very
precise)} 0-1

[Event "44th Chess Olympiad Open 2022"]
[Site "Chennai"]
[Date "2022.08.07"]
[Round "9.31"]
[White "Lenaerts, Lennert"]
[Black "Mazara Ruiz, Adan Manuel"]
[Result "1/2-1/2"]
[WhiteElo "2379"]
[BlackElo "2286"]
[Annotator "RC"]
[PlyCount "94"]
[EventDate "2022.??.??"]
[TimeControl "60"]

1. d4 Nf6 2. c4 e6 3. Nc3 Bb4 4. Qc2 O-O 5. Nf3 d6 6. Bd2 Nc6 7. a3 Bxc3 8. Bxc3 Qe7 9. b4 e5 10. d5 Nb8 11. e3 a5 12. Be2 axb4 13.
axb4 Rxa1+ 14. Bxa1 b5 15. O-O bxc4 16. Bxc4 Bb7 17. e4 c6 18. dxc6 Bxc6 19. Nd2 Qb7 20. b5 Bxe4 21. Nxe4 Nxe4 22. Rd1 Rc8 23. Qe2 Qc7 24. Bxf7+ Qxf7 25. Qxe4 Qb3 26. Qg4 Nd7 27. h3 Ra8 28. Rc1 Nf6 29. Rc8+ Rxc8 30. Qxc8+ Kf7 31. Qc7+ Ke6 32. b6 Nd7 33. b7 Qb1+ 34. Kh2 Qxa1 35. Qd8 Qa4 36. Qg8+ Kf6 37. Qd8+ Kf7 38. Qc7 Qb5 39. b8=Q Qxb8 40. Qxd7+ Kf6 41. g4 h6 42. h4 g6 43. Kg2 Qf8 44. Kg3 Qe7 45. Qc6 Kg7 46. f3 Kf6 47. Qa8 Kg7 1/2-1/2